 Dungeon Crawl Stone Soup version 0.22.0-75-g3901e79 (webtiles) character file.

260 inc the Magician (level 5, -19/35 HPs)
             Began as a Mummy Fire Elementalist on Sept 14, 2018.
             Demolished by an ogre
             ... wielding a +0 giant spiked club
              (30 damage)
             ... on level 3 of the Dungeon.
             The game lasted 00:04:09 (3204 turns).

inc the Magician (Mummy Fire Elementalist)          Turns: 3204, Time: 00:04:10

Health: -19/35     AC:  3    Str: 11    XL:     5   Next: 95%
Magic:  5/11       EV: 12    Int: 15    God:
Gold:   56         SH:  0    Dex: 13    Spells: 4/12 levels left

rFire    x . .     SeeInvis .   n - +2 dagger (venom)
rCold    + . .     Gourm    .   (no shield)
rNeg     + + +     Faith    .   a - +0 robe
rPois    ∞         Spirit   .   h - +0 helmet
rElec    .         Reflect  .   (no cloak)
rCorr    .         Harm     .   (no gloves)
MR       .....                  (no boots)
Stlth    +++.......             (no amulet)
HPRegen  0.11/turn              k - ring of stealth
MPRegen  0.12/turn              (no ring)

@: very slightly contaminated
A: no food or potions, fire vulnerability, cold resistance 1, negative energy
resistance 3, torment resistance, unbreathing
a: no special abilities


You were on level 3 of the Dungeon.
You were not hungry.

You visited 1 branch of the dungeon, and saw 4 of its levels.

You collected 56 gold pieces.

Inventory:

Hand Weapons
 d - a +0 short sword
 n - a +2 dagger of venom (weapon)
Armour
 a - a +0 robe (worn)
 h - a +0 helmet (worn)
Jewellery
 k - a ring of stealth (left hand)
Scrolls
 b - a scroll of enchant weapon {unknown}
 c - 3 scrolls of remove curse {unknown}
 e - 5 scrolls of identify {unknown}
 f - 4 scrolls of teleportation {unknown}
 g - a scroll of enchant armour {unknown}
 j - a scroll of random uselessness {unknown}
 l - a scroll of magic mapping {unknown}
 m - a scroll of amnesia {unknown}
Potions
 i - a potion of curing


   Skills:
 - Level 1.5 Dodging
 - Level 1.5 Stealth
 + Level 4.4 Spellcasting
 + Level 3.5 Conjurations
 + Level 3.4 Fire Magic


You had 4 spell levels left.
You knew the following spells:

 Your Spells              Type           Power        Failure   Level  Hunger
a - Flame Tongue          Conj/Fire      ##...        4%          1    N/A
b - Conjure Flame         Conj/Fire      ##......     13%         3    N/A
c - Sticky Flame          Conj/Fire      ##......     38%         4    N/A

Your spell library contained the following spells:

 Spells                   Type           Power        Failure   Level  Hunger
 Throw Flame              Conj/Fire      ##....       6%          2    N/A
 Inner Flame              Hex/Fire       #.......     26%         3    N/A
 Fireball                 Conj/Fire      ##........   75%         5    N/A

Dungeon Overview and Level Annotations

Branches:
Dungeon (4/15)
 Temple: D:4-7

Altars:
Nemelex Xobeh


Innate Abilities, Weirdness & Mutations

You do not eat or drink.
Your flesh is vulnerable to fire.
You are immune to poison.
Your flesh is cold resistant. (rC+)
You are immune to negative energy. (rN+++)
You are immune to unholy pain and torment.
You can survive without breathing.


Message History

The flame tongue hits the orc.
You kill the orc!
The adder misses you.
An ogre comes into view. It is wielding a giant spiked club.
Casting: Flame Tongue (safe; 4% risk of failure)
Confirm with . or Enter, or press ? or * to list all spells.
Aiming: Flame Tongue (safe; 4% risk of failure)
Press: ? - help, Shift-Dir - straight line, f - adder
Aim: an adder
Okay, then.
The adder barely misses you.
The ogre hits you with a giant spiked club!
The adder bites you.
You climb upwards.
There is a stone staircase leading down here.
Unknown command.
The adder bites you.
The ogre hits you with a giant spiked club!!
Ouch! That really hurt!
You die...

#.# #.# #..##.# #.#
#.######.##.# #.#
#......).##.# ###.###
########.##.# ......#
#.##.# #.###.# #).#.#
#.###.## ########..#.#
#..##..###.....S#).#.#
##.#.#.#.#.#.#.#@#.#.#
#.....).÷...%.O.....#
###.#.#.#.#.#.#.#.#.#
#............>.....#
##.#.#)#.#.#.#.#.#.#
#..................#
##.#.#.#.#.#.#.#.#.#
#..................#
##.#†#.#.#.#.#.#.###


You could see an ogre and an adder.

Vanquished Creatures
  A howler monkey (D:3)
  Jessica (D:2)
  An iguana (D:3)
  4 adders
  An ooze (D:1)
  6 worms
  4 dart slugs
  3 leopard geckos
  9 orcs
  2 ball pythons (D:1)
  6 bats
  4 giant cockroaches
  6 goblins
  9 hobgoblins
  12 jackals
  8 kobolds
  A quokka (D:3)
  8 frilled lizards
  6 rats
92 creatures vanquished.

Notes
Turn   | Place    | Note
-------+----------+-------------------------------------------
     0 | D:1      | inc the Mummy Fire Elementalist began the quest for the
                  | Orb.
     0 | D:1      | Reached XP level 1. HP: 13/13 MP: 4/4
    20 | D:1      | Reached skill level 1 in Conjurations
   115 | D:1      | Reached XP level 2. HP: 18/19 MP: 2/5
   670 | D:1      | Reached XP level 3. HP: 24/24 MP: 5/7
   870 | D:2      | Found a sparkling altar of Nemelex Xobeh.
   870 | D:2      | Noticed Jessica
   876 | D:2      | Killed Jessica
   876 | D:2      | Reached skill level 3 in Spellcasting
  1053 | D:2      | Reached XP level 4. HP: 29/30 MP: 5/8
  1645 | D:2      | Learned a level 3 spell: Conjure Flame
  1650 | D:2      | Learned a level 4 spell: Sticky Flame
  2398 | D:3      | Reached XP level 5. HP: 35/35 MP: 5/10
  2846 | D:3      | Reached skill level 4 in Spellcasting
  3197 | D:4      | Noticed an ogre
  3204 | D:3      | Demolished by an ogre

Skill      XL: |  1  2  3  4  5 |
---------------+----------------+-----
Conjurations   | 1 2 3 |  3.5
Spellcasting   | 3 4 |  4.4
Fire Magic     | 3 |  3.4
Dodging        | |  1.5
Stealth        | |  1.5

Action                   |  1- 3 |  4- 6 || total
-------------------------+-------+-------++-------
Melee: Short sword       |    16 |       ||    16
       Dagger            |       |    11 ||    11
 Cast: Flame Tongue      |    48 |   136 ||   184
Armor: Robe              |    10 |    12 ||    22
Dodge: Dodged            |    16 |    48 ||    64
